 Dungeon Crawl Stone Soup version 0.28-a0-69-g49dcd67cf8 (webtiles) character file.

Game seed: 9194097182968832949

494 foogus the Chopper (level 6, -5/51 (52) HPs)
             Began as a Minotaur Gladiator on July 31, 2021.
             Was a Follower of Makhleb.
             Slain by a wight (10 damage)
             ... on level 4 of the Dungeon.
             The game lasted 00:26:23 (3421 turns).

foogus the Chopper (Minotaur Gladiator)             Turns: 3421, Time: 00:26:24

HP:   -5/51 (52)    AC:  6    Str: 18 (20) XL:     6   Next: 92%
MP:   5/5           EV: 12    Int:  3 (5)  God:    Makhleb [*.....]
Gold: 77            SH:  0    Dex: 11 (12) Spells: 5/5 levels left

rFire   + . .      SeeInvis .   q - +1 short sword (drain)
rCold   . . .      Faith    .   (no shield)
rNeg    . . .      Spirit   .   B - +0 ring mail
rPois   .          Reflect  .   c - +0 hat
rElec   .          Harm     .   v - +0 cloak
rCorr   .          Rampage  .   (no gloves)
Will    .....                   (no boots)
Stlth   +.........              (no amulet)
HPRegen 0.17/turn               (no ring)
MPRegen 0.09/turn               (no ring)

@: lightly drained
A: horns 2, retaliatory headbutt, fire resistance 1, subdued magic 1, MP-powered
wands
a: Renounce Religion


You were on level 4 of the Dungeon.
You worshipped Makhleb.
Makhleb was aware of your devotion.
You visited 1 branch of the dungeon, and saw 4 of its levels.

You collected 77 gold pieces.

Inventory:

Hand Weapons
 a - a +0 war axe
 g - a +0 spear
 j - a +2 vorpal mace
 o - a +0 dagger
 p - a +0 club
 q - a +1 short sword of draining (weapon)
 r - a +0 hand axe
 s - a +0 scythe
 u - a +0 whip
 E - a +0 hunting sling
Missiles
 d - 3 throwing nets (quivered)
 e - 25 sling bullets
 h - 23 bolts
 k - 5 atropa-tipped darts
 C - 26 arrows
Armour
 b - a +0 leather armour
 c - a +0 hat (worn)
 t - a +0 robe
 v - a +0 cloak (worn)
 w - a +0 robe
 B - a +0 ring mail (worn)
 H - a +0 helmet
Scrolls
 m - 5 scrolls of identify {unknown}
 n - a scroll of fear {unknown}
 y - a scroll of blinking {unknown}
 D - 2 scrolls of enchant armour {unknown}
 F - a scroll of immolation {unknown}
 G - a scroll of holy word {unknown}
Potions
 f - a potion of flight
 i - a potion of degeneration
 l - 2 potions of curing
 x - a potion of magic
 z - a potion of haste {unknown}
 A - 2 potions of lignification {unknown}


   Skills:
 + Level 3.6 Fighting
 + Level 2.5 Short Blades
 + Level 5.5(5.7) Axes
 + Level 2.3(4.2) Maces & Flails
 + Level 2.3 Throwing
 + Level 3.4 Armour
 + Level 4.7 Dodging
 + Level 1.0 Stealth


You had 5 spell levels left.
You didn't know any spells.
Your spell library contained the following spells:

 Spells                   Type           Power      Damage    Failure   Level
 Sublimation of Blood     Necr           0%         N/A       82%         2
 Wereblood                Tmut           0%         N/A       82%         2
 Animate Dead             Necr           0%         N/A       100%        4
 Haunt                    Necr/Summ      0%         N/A       100%        7
 Summon Hydra             Summ           0%         N/A       100%        7
 Infestation              Necr           0%         N/A       100%        8


Dungeon Overview and Level Annotations

Branches:
Dungeon (4/15)
 Temple: D:4-7

Altars:
Makhleb
Trog
Vehumet
Xom


Innate Abilities, Weirdness & Mutations

You have a pair of horns on your head.
You reflexively headbutt those who attack you in melee.
Your flesh is heat resistant. (rF+)
Your spells are a little easier to cast, but a little less powerful.
You expend magic power (3 MP) to strengthen your wands.


Message History

You see here a +0 robe.
There is a stone staircase leading down here.
A wight comes into view. It is wielding a +0 mace.
A wight comes into view.
It is wielding a +1 falchion of flaming.
You barely miss the wight. You headbutt the wight.
The wight is moderately damaged.
You hit the wight but do no damage.
The wight is moderately damaged.
The wight completely misses you. The wight misses you.
You closely miss the wight.
The wight is moderately damaged.
The wight hits you with a +0 mace. The wight completely misses you.
You hit the wight.
The wight is heavily damaged.
A wight comes into view. It is wielding a +0 hand axe.
The wight hits you with a +0 mace! The wight closely misses you.
You closely miss the wight.
The wight is heavily damaged.
The wight hits you with a +0 mace!
You feel drained.
You hit the wight. Your headbutt misses the wight.
The wight is heavily damaged.
The wight hits you but does no damage. The wight barely misses you.
You furiously retaliate!
You headbutt the wight. You hit the wight. Your headbutt misses the wight.
The wight is severely damaged.
The wight completely misses you. The wight misses you. You furiously retaliate!
You headbutt the wight. You hit the wight.
The wight is severely damaged.
The wight hits you with a +0 mace.
The wight hits you with a +1 falchion of flaming.
The wight burns you. The wight hits you with a +0 mace!
* * * LOW HITPOINT WARNING * * *
The wight hits you but does no damage.
You hit the wight.
The wight is almost destroyed.
The wight hits you with a +1 falchion of flaming.
* * * LOW HITPOINT WARNING * * *
The wight hits you with a +0 mace!
You die...

# .## ######...##
#.z@......# #.z.##....#
#...# #.#.#
#...###.#.####
..###............####
#.z...................
##.#.###.###.......# ..#
##....#..#..### #
##.#####.####..#....###.


You could see 2 wights.

Vanquished Creatures
  Sigmund (D:2)
  A necrophage (D:3)
  A crimson imp (D:3)
  A hound (D:3)
  An orc wizard (D:4)
  Natasha (D:2)
  4 adders
  3 worms (D:3)
  2 dart slugs
  5 orcs (D:4)
  3 endoplasms
  5 giant cockroaches
  5 goblins
  11 hobgoblins
  8 jackals (D:2)
  5 kobolds
  6 ball pythons
  9 bats
  4 frilled lizards
  12 rats
88 creatures vanquished.

Notes
Turn   | Place    | Note
-------+----------+-------------------------------------------
     0 | D:1      | foogus the Minotaur Gladiator began the quest for the Orb.
     0 | D:1      | Reached XP level 1. HP: 18/18 MP: 0/0
   423 | D:1      | Reached skill level 4 in Axes
   476 | D:1      | Reached XP level 2. HP: 25/25 MP: 1/1
   737 | D:1      | Found a faded altar of an unknown god.
   747 | D:1      | Became a worshipper of Xom of Chaos
  1065 | D:1      | XOM: silly message
  1145 | D:2      | Noticed Sigmund
  1146 | D:2      | Reached XP level 3. HP: 27/30 MP: 2/2
  1153 | D:2      | XOM: butterfly on damage
  1157 | D:2      | XOM: silly message
  1179 | D:2      | XOM: potion effect (berserk rage)
  1183 | D:2      | Killed Sigmund
  1184 | D:2      | Reached skill level 5 in Axes
  1184 | D:2      | Reached skill level 1 in Maces & Flails
  1184 | D:2      | Reached skill level 1 in Armour
  1184 | D:2      | Reached XP level 4. HP: 17/38 MP: 3/3
  1184 | D:2      | Reached XP level 5. HP: 21/45 MP: 4/4
  1274 | D:2      | XOM: silly message
  1338 | D:2      | XOM is BORED!
  1338 | D:2      | XOM: 1-stop teleportation journey
  1588 | D:2      | XOM: enchant monster (good)
  1614 | D:2      | Noticed Natasha
  1619 | D:2      | Killed Natasha
  1691 | D:2      | XOM: god gift: lumpy yellow potion {god gift}
  1920 | D:3      | XOM: silly message
  1925 | D:3      | XOM: smoke on damage
  1929 | D:3      | Reached XP level 6. HP: 30/51 MP: 5/5
  2183 | D:3      | Found a radiant altar of Vehumet.
  2183 | D:3      | Found a burning altar of Makhleb.
  2198 | D:3      | Reached skill level 1 in Short Blades
  2207 | D:3      | Fell from the grace of Xom
  2207 | D:3      | Became a worshipper of Makhleb the Destroyer
  2376 | D:3      | XOM: 2-stop teleportation journey
  2621 | D:3      | XOM: give mutations
  2621 | D:3      | Gained mutation: You expend magic power (3 MP) to
                  | strengthen your wands. [Xom's mischief]
  2621 | D:3      | Gained mutation: Your flesh is heat resistant. (rF+) [Xom's
                  | mischief]
  2621 | D:3      | Gained mutation: Your spells are a little easier to cast,
                  | but a little less powerful. [Xom's mischief]
  2711 | D:3      | Noticed a moth of wrath
  2713 | D:3      | Found a bloodstained altar of Trog.
  2882 | D:3      | Reached skill level 1 in Stealth
  3129 | D:4      | Reached * piety under Makhleb
  3421 | D:4      | Slain by a wight

Illustrated notes

Levels and vault maps discovered:
D:1:      dpeg_arrival_radiant, layout_basic,
          dreamdust_ecumenical_altar_angels_and_demons
D:2:      layout_rooms, minmay_misc_feat_alley, uniq_sigmund, uniq_natasha
D:3:      layout_loops_ring, grunt_temple_overflow_lords_of_destruction,
          tgw_trog, minmay_misc_feat_hallway
D:4:      layout_loops_ring, lemuel_blue_sif_altar, portal_sewer_entry_b,
          minivault_14, minmay_puff, uniq_eustachio

Skill      XL: |  1  2  3  4  5  6 |
---------------+-------------------+-----
Axes           | 4 5 |  5.5
Fighting       | 3 |  3.6
Maces & Flails | 1 2 |  2.3
Armour         | 1 2 3 |  3.4
Dodging        | 4 |  4.7
Short Blades   | 2 |  2.5
Stealth        | 1 |  1.0
Throwing       | |  2.3

Action                   |  1- 3 |  4- 6 || total
-------------------------+-------+-------++-------
Melee: War axe           |     9 |       ||     9
       Mace              |    30 |     4 ||    34
       Headbutt          |     5 |    19 ||    24
       Short sword       |       |   144 ||   144
  Use: Potion            |       |     5 ||     5
 Stab: Petrified         |       |     3 ||     3
Armor: Leather armour    |    10 |    18 ||    28
       Ring mail         |       |    23 ||    23
Dodge: Dodged            |    30 |   101 ||   131

Table legend: (Time is in decaauts)
 A = Elapsed time spent in this place.
 B = Non-inter-level travel time spent in this place.
 C = Inter-level travel time spent in this place.
 D = Time resting spent in this place.
 E = Time spent auto-exploring this place.
 F = Levels seen in this place.
 G = Mean time per level.
                   A        B        C        D        E       F      G
               +--------+--------+--------+--------+--------+-----+--------+
         Total |   3454 |   3161 |    293 |    613 |   1995 |   4 |  863.5 |
       Dungeon |   3454 |   3161 |    293 |    613 |   1995 |   4 |  863.5 |
               +--------+--------+--------+--------+--------+-----+--------+

Top non-repeatable levels by time:
     D:3: 1165 daAuts
     D:1: 1086 daAuts
     D:2: 855 daAuts
     D:4: 347 daAuts
